 Dungeon Crawl Stone Soup version 0.28-a0-474-g535839065c (webtiles) character file.

Game seed: 14181165789655288980

86 frimble the Grasshopper (level 4, -2/29 HPs)
             Began as an Octopode Warper on Sept 16, 2021.
             Killed from afar by Natasha (8 damage)
             ... with a puff of flame
             ... on level 2 of the Dungeon.
             The game lasted 00:01:44 (1785 turns).

frimble the Grasshopper (Octopode Warper)           Turns: 1785, Time: 00:01:45

Health: -2/29      AC:  1    Str: 10    XL:     4   Next: 50%
Magic:  7/7        EV: 13    Int: 16    God:
Gold:   108        SH:  0    Dex: 11    Spells: 7/7 levels left

rFire   . . .      SeeInvis .   g - +1 trident (protect)
rCold   . . .      Faith    .   (no shield)
rNeg    . . .      Spirit   .   (helmet restricted)
rPois   .          Reflect  .   (no amulet)
rElec   .          Harm     .   (no ring)
rCorr   .          Rampage  .   (no ring)
Will    .....                   (no ring)
Stlth   +++.......              (no ring)
HPRegen 0.09/turn               (no ring)
MPRegen 0.10/turn               (no ring)
                                (no ring)
                                (no ring)

@: no status effects
A: almost no armour, amphibious, 8 rings, camouflage 1, gelatinous body 1,
(nimble swimmer 1), tentacles
a: no special abilities


You were on level 2 of the Dungeon.
You visited 1 branch of the dungeon, and saw 2 of its levels.

You collected 108 gold pieces.

Inventory:

Hand Weapons
 a - a +0 short sword
 g - a +1 trident of protection (weapon)
Missiles
 c - 5 boomerangs of dispersal
 d - 7 curare-tipped darts (quivered)
Scrolls
 b - 3 scrolls of blinking
 f - a scroll of enchant armour {unknown}
 h - a scroll of identify {unknown}
 i - a scroll of holy word {unknown}
Potions
 e - a potion of might {unknown}


   Skills:
 - Level 2.0 Fighting
 - Level 2.3 Short Blades
 + Level 1.2 Polearms
 + Level 2.2 Throwing
 - Level 2.3 Dodging
 + Level 2.6 Stealth
 - Level 2.0 Spellcasting
 + Level 3.6 Translocations


You had 7 spell levels left.
You didn't know any spells.
Your spell library contained the following spells:

 Spells                   Type           Power      Damage    Failure   Level
 Blink                    Tloc           N/A        N/A       7%          2
 Gell's Gravitas          Tloc           6%         N/A       14%         3
 Lesser Beckoning         Tloc           13%        N/A       14%         3
 Teleport Other           Tloc           13%        N/A       14%         3
 Manifold Assault         Tloc           13%        N/A       78%         5


Dungeon Overview and Level Annotations

Branches:
Dungeon (2/15)

Altars:
Xom

Shops:
D:1 (

Annotations:
D:2 Natasha


Innate Abilities, Weirdness & Mutations

You cannot wear most types of armour.
You are amphibious.
You can wear up to eight rings at the same time.
Your skin changes colour to match your surroundings (Stealth+).
Your rubbery body absorbs attacks. (AC +1, EV +1)
((You are camouflaged near water. (Stealth+)))
You have tentacles for arms and can constrict up to eight enemies at once.


Message History

Aim: Natasha, carrying a wand of flame (14) (severely wounded, very poisoned, slow, 50% to hit)
You throw a curare-tipped dart.
The curare-tipped dart closely misses Natasha.
The crimson imp summons a swarm of flies.
The crimson imp blinks!
Reach: g) +1 trident (protect)
Press: ? - help, Dir - move target, f/p - Natasha
Aim: Natasha, carrying a wand of flame (14) (severely wounded, very poisoned, slow, about 53% to evade your +1 trident of protection)
You reach to attack!
You barely miss Natasha.
Natasha is severely wounded.
Natasha mumbles some strange words.
Reach: g) +1 trident (protect)
Press: ? - help, Dir - move target, f/p - Natasha
Aim: Natasha, carrying a wand of flame (14) (severely wounded, very poisoned, slow, about 53% to evade your +1 trident of protection)
You reach to attack!
You closely miss Natasha.
Natasha is severely wounded.
The white imp gestures at you. The puff of frost misses you.
Reach: g) +1 trident (protect)
Press: ? - help, Dir - move target, f/p - Natasha
Aim: Natasha, carrying a wand of flame (14) (severely wounded, poisoned, slow, about 53% to evade your +1 trident of protection)
You hit Natasha.
Your weapon exudes an aura of protection.
Your grab misses Natasha. Your squeeze misses Natasha.
Natasha is almost dead.
Natasha casts a spell.
You puncture Natasha!
You kill Natasha!
Natasha screams in fury as she dies!
The white imp disappears in a puff of smoke! x2
You see here the felid corpse of Natasha.
d - 7 curare-tipped darts (gained 1)
i - a scroll labelled NOESCH WUEGHOIV
(D) Dungeon
Where to? (Enter - D:2, ? - help) Natasha, Servant of Life and Death comes into view.
She is carrying a wand of flame (14).
Natasha zaps a wand.
The puff of flame hits you!
* * * LOW HITPOINT WARNING * * *
Natasha zaps a wand.
The puff of flame hits you!
You die...

......####..# ###........
.###### ##..# #.####### .##
#...# #.# ..##### #.#.## ##.#
.......##.#).# #..#
..#........#..######.##
..###......:......##.#####
...####.#####............#
##....#.######.#@###.....#####
# #...................h......
# #........#......##.........
## #..........#.#####.........
.# #.........##..# #.....>...
.###.........###.####.........
...^........## #..(...........
#.....##.############....[####
.........................##


You could see Natasha.

Vanquished Creatures
  Terence (D:2)
  Natasha (D:2)
  A worm (D:2)
  A dart slug (D:2)
  4 endoplasms
  2 goblins (D:2)
  2 hobgoblins
  3 jackals (D:1)
  4 quokkas
  A ball python (D:1)
  2 frilled lizards (D:1)
  3 kobolds (D:1)
  5 rats
30 creatures vanquished.

Notes
Turn   | Place    | Note
-------+----------+-------------------------------------------
     0 | D:1      | frimble the Octopode Warper began the quest for the Orb.
     0 | D:1      | Reached XP level 1. HP: 14/14 MP: 3/3
    16 | D:1      | Found a faded altar of an unknown god.
    33 | D:1      | Found Feuhiss's Weapon Shop.
   152 | D:1      | Reached skill level 1 in Stealth
   152 | D:1      | Reached XP level 2. HP: 8/19 MP: 5/5
  1389 | D:2      | Reached XP level 3. HP: 24/24 MP: 6/6
  1429 | D:2      | Noticed Terence
  1438 | D:2      | Killed Terence
  1644 | D:2      | Reached skill level 1 in Polearms
  1644 | D:2      | Reached XP level 4. HP: 29/29 MP: 7/7
  1744 | D:2      | Found a shimmering altar of Xom.
  1748 | D:2      | Noticed Natasha
  1762 | D:2      | Killed Natasha
  1781 | D:2      | Noticed Natasha
  1785 | D:2      | Killed from afar by Natasha

Illustrated notes

Levels and vault maps discovered:
D:1:      dpeg_arrival_rhombi, layout_basic, ebering_ecumenical_altar_webs,
          serial_shops, shop_fountains, hangedman_decor_lopped
D:2:      layout_rooms, basic_altar, uniq_natasha, uniq_terence

Skill      XL: |  1  2  3 |
---------------+----------+-----
Stealth        | 1 2 |  2.6
Throwing       | 2 |  2.2
Polearms       | 1 |  1.2
Fighting       | |  2.0
Short Blades   | |  2.3
Dodging        | |  2.3
Spellcasting   | |  2.0
Translocations | |  3.6

Action                   |  1- 3 |  4- 6 || total
-------------------------+-------+-------++-------
Melee: Short sword       |    28 |       ||    28
       Constrict         |    12 |       ||    12
       Tentacles         |     9 |       ||     9
       Trident           |    19 |    10 ||    29
Throw: Dart              |     1 |     2 ||     3
 Stab: Sleeping          |    11 |     3 ||    14
Armor: Skin              |     6 |     1 ||     7
Dodge: Dodged            |    25 |     2 ||    27

Table legend: (Time is in decaauts)
 A = Elapsed time spent in this place.
 B = Non-inter-level travel time spent in this place.
 C = Inter-level travel time spent in this place.
 D = Time resting spent in this place.
 E = Time spent auto-exploring this place.
 F = Levels seen in this place.
 G = Mean time per level.
                   A        B        C        D        E       F      G
               +--------+--------+--------+--------+--------+-----+--------+
         Total |   1791 |   1565 |    226 |      0 |   1327 |   2 |  895.5 |
       Dungeon |   1791 |   1565 |    226 |      0 |   1327 |   2 |  895.5 |
               +--------+--------+--------+--------+--------+-----+--------+

Top non-repeatable levels by time:
     D:1: 1378 daAuts
     D:2: 413 daAuts
